AoeStats
← angelomolinaro2006

Oasis

508643091Analyzed
4v4 RM · 9d ago on Sep 23, 2026· 60m 35s· 8 players
Game mode
Random Map
Map size
Large (8 player)
Population
200
Speed
Normal
Resources
Standard
Victory
Conquest
Starting age
Dark Age
Ending age
Imperial Age
RankedLock teamsTeams togetherTeam positionsShared explorationLock speedFull tech treeHidden civsTurbo modeCheats
Victory
Defeat
🇬🇧 Persians · United Kingdom
722
+21
🇮🇹 Britons · Italy
668
+23
🇮🇹 Varangians · Italy
560
+26
🇻🇳 Goths · Vietnam
550
+27
🇭🇰 Gurjaras · Hong Kong SAR China
888
-26
🇦🇷 Huns · Argentina
886
-26
🇵🇪 Turks · Peru
819
-24
731
-21
BOOSON 8
0:54 Loom
17:20 Feudal Age
20:32 Horse Collar
20:43 Double-Bit Axe
22:16 Gold Mining
23:00 Stone Mining
29:08 Castle Age
28:15 Wheelbarrow
32:03 Gold Shaft Mining
32:03 Stone Shaft Mining
31:33 Heavy Plow
32:02 Caravan
33:46 Coinage
35:31 Bow Saw
38:24 Hand Cart
41:42 Imperial Age
41:49 Forging
41:45 Scale Barding Armor
41:30 Fletching
41:40 Padded Archer Armor
41:41 Scale Mail Armor
41:57 Kamandaran
42:19 Conscription
41:21 Elite War Elephant
42:50 Guilds
43:17 Banking
45:22 Iron Casting
45:08 Chain Barding Armor
44:43 Bodkin Arrow
45:04 Leather Archer Armor
45:46 Chain Mail Armor
46:09 Hoardings
45:05 Sappers
45:45 Citadels
46:49 Town Watch
48:07 Blast Furnace
46:49 Pikeman
47:15 Gambesons
47:30 Squires
47:15 Arson
48:13 Plate Barding Armor
51:31 Chemistry
52:11 Thumb Ring
54:17 Ring Archer Armor
54:18 Plate Mail Armor
56:30 Halberdier
59:50 Two-Man Saw
61:06 Crop Rotation
Luke91
5:25 Loom
6:09 Loom
10:07 Feudal Age
10:35 Double-Bit Axe
10:32 Horse Collar
14:11 Gold Mining
15:08 Town Watch
16:41 Stone Mining
17:59 Wheelbarrow
22:33 Castle Age
20:43 Man-at-Arms
22:26 Scale Barding Armor
22:23 Scale Mail Armor
22:57 Padded Archer Armor
23:18 Arson
23:26 Fletching
24:56 Forging
25:32 Heavy Plow
27:25 Gold Shaft Mining
28:16 Fervor
28:22 Caravan
30:15 Bow Saw
30:38 Coinage
30:23 Town Patrol
31:20 Hand Cart
32:03 Ballistics
32:31 Treadmill Crane
33:02 Fortified Wall
36:17 Imperial Age
33:52 Guard Tower
34:30 Pikeman
35:11 Squires
34:56 Gambesons
34:32 Long Swordsman
34:37 Elite Skirmisher
34:38 Crossbowman
34:40 Light Cavalry
35:21 Husbandry
36:00 Masonry
36:23 Murder Holes
37:20 Conscription
36:59 Halberdier
37:48 Capped Ram
39:38 Warwolf
42:02 Chemistry
41:54 Banking
41:34 Guilds
42:19 Hoardings
42:06 Leather Archer Armor
43:08 Siege Engineers
43:38 Ring Archer Armor
44:19 Yeomen
44:38 Two-Handed Swordsman
44:54 Cavalier
48:42 Two-Man Saw
47:48 Bodkin Arrow
48:29 Iron Casting
48:27 Architecture
47:44 Arrowslits
50:53 Keep
49:41 Champion
50:51 Onager
54:08 Blast Furnace
53:24 Chain Mail Armor
53:32 Chain Barding Armor
53:13 Bracer
55:14 Elite Longbowman
57:33 Plate Barding Armor
57:29 Plate Mail Armor
57:59 Blast Furnace
57:37 Arbalester
59:14 Cranequins
phucvaki
2:03 Loom
12:56 Feudal Age
17:47 Castle Age
15:59 Double-Bit Axe
16:46 Horse Collar
18:51 Wheelbarrow
19:25 Stone Mining
19:45 Squires
20:06 Heavy Plow
21:34 Gold Mining
25:51 Bow Saw
29:17 Stone Shaft Mining
29:44 Scale Mail Armor
29:55 Forging
30:53 Anarchy
31:09 Caravan
31:38 Chain Mail Armor
37:08 Imperial Age
34:54 Hand Cart
36:58 Iron Casting
38:57 Blast Furnace
38:24 Conscription
38:42 Perfusion
39:25 Elite Huskarl
Amaromuro876
angelomolinaro2006
5:04 Loom
13:26 Feudal Age
14:12 Double-Bit Axe
17:49 Stone Mining
24:19 Castle Age
24:16 Gold Mining
24:50 Pikeman
26:27 Stone Shaft Mining
28:47 Wheelbarrow
36:08 Imperial Age
34:06 Hand Cart
35:43 Forging
35:33 Scale Mail Armor
35:52 Town Watch
37:05 Gold Shaft Mining
37:03 Squires
38:38 Bow Saw
38:44 Elite Ghulam
43:09 Town Patrol
43:36 Caravan
43:27 Man-at-Arms
43:53 Arson
48:08 Padded Archer Armor
47:59 Fletching
48:57 Long Swordsman
52:31 Iron Casting
52:12 Chain Mail Armor
51:49 Two-Handed Swordsman
shamir1993
4:55 Loom
13:05 Feudal Age
14:13 Stone Mining
14:13 Double-Bit Axe
16:30 Gold Mining
16:49 Horse Collar
29:25 Castle Age
27:42 Forging
27:32 Scale Mail Armor
27:38 Scale Barding Armor
27:26 Fletching
27:36 Padded Archer Armor
28:07 Arson
27:44 Man-at-Arms
31:40 Wheelbarrow
34:54 Imperial Age
33:31 Fervor
35:07 Squires
35:25 Heavy Plow
37:59 Treadmill Crane
38:15 Murder Holes
38:31 Fortified Wall
38:40 Bodkin Arrow
40:24 Conscription
41:05 Artillery
43:53 Sanctity
43:43 Redemption
45:07 Husbandry
45:18 Bloodlines
46:11 Iron Casting
45:57 Chain Barding Armor
46:14 Masonry
46:25 Ballistics
46:24 Hand Cart
45:54 Town Watch
47:08 Bow Saw
48:05 Hoardings
48:55 Bracer
52:49 Blast Furnace
52:25 Plate Barding Armor
52:53 Two-Man Saw
51:58 Town Patrol
53:20 Architecture
52:36 Arrowslits
53:38 Chain Mail Armor
53:39 Leather Archer Armor
54:15 Long Swordsman
56:46 Plate Mail Armor
56:24 Two-Handed Swordsman
58:07 Ring Archer Armor
57:36 Champion
59:15 Elite Janissary
hckwok823
El Lobizon Chinchu
3:02 Loom
13:04 Feudal Age
15:09 Wheelbarrow
14:17 Horse Collar
14:25 Double-Bit Axe
21:51 Castle Age
20:48 Gold Mining
23:06 Bow Saw
23:00 Heavy Plow
25:03 Hand Cart
24:49 Stone Mining
26:32 Gold Shaft Mining
26:55 Fervor
35:48 Imperial Age
34:34 Husbandry
34:44 Bloodlines
34:50 Forging
34:32 Fletching
34:49 Scale Barding Armor
34:28 Pikeman
35:09 Squires
36:34 Iron Casting
36:02 Scale Mail Armor
36:01 Bodkin Arrow
36:08 Padded Archer Armor
36:17 Scale Barding Armor
37:19 Parthian Tactics
36:17 Heavy Cavalry Archer
36:21 Cavalier
39:22 Two-Man Saw
38:31 Marauders
37:55 Elite Tarkan
39:39 Blast Furnace
38:58 Chain Mail Armor
40:00 Paladin
40:01 Light Cavalry
40:35 Man-at-Arms
41:02 Arson
41:42 Chain Barding Armor
42:09 Long Swordsman
42:57 Two-Handed Swordsman
44:49 Halberdier
45:06 Hussar
46:03 Bracer
46:20 Leather Archer Armor
46:42 Plate Barding Armor
Connection lost

Rejoining the realm…

Still unreachable

The connection could not be restored.

Session expired

The server has moved on; the page needs a fresh start.